 Dungeon Crawl Stone Soup version 0.31-a0-1036-g31867e143a (webtiles) character file.

Game seed: 4176762598202884857

1645004 hitsuchi the Invulnerable (level 25, 276/276 HPs)
             Began as an Armataur Fighter on Nov 19, 2023.
             Was the Champion of the Shining One.
             Escaped with the Orb
             ... and 3 runes!
             The game lasted 02:35:46 (68945 turns).

hitsuchi the Invulnerable (Armataur Fighter)       Turns: 68945, Time: 02:35:47

Health: 276/276    AC: 55    Str: 30    XL:     25   Next: 58%
Magic:  33/33      EV:  9    Int: 12    God:    the Shining One [******]
Gold:   2497       SH: 16    Dex: 14    Spells: 24/24 levels left

rFire   . . .        a - +8 sacred scourge (holy)
rCold   + . .        V - +1 kite shield {reflect}
rNeg    + + +        W - +8 crystal plate armour {rC+}
rPois   +            t - +2 helmet {SInv}
rElec   +            P - +2 cloak
rCorr   +            s - +0 pair of gloves
SInv    +            S - +1 barding
Will    ++...        Q - amulet of regeneration Stlth
                     c - ring of Equivalence {rElec EV+5 Dex+2}
HPRegen 1.46/turn    Z - ring "Ysacid" {Will+ rCorr}
MPRegen 0.23/turn

%: reflection, roll
@: glowing
A: large, rugged brown scales 3, deformed body, armoured tail, roll, long
tongue, awkward tongue, clever 1, low MP 1, poison resistance, robust 1,
inability to read after injury 1
0: Orb of Zot
}: 3/15 runes: decaying, serpentine, abyssal
a: Renounce Religion, Divine Shield, Cleansing Flame, Summon Divine Warrior


You escaped.
You worshipped the Shining One.
The Shining One was exalted by your worship.
You visited 12 branches of the dungeon, and saw 52 of its levels.
You visited the Abyss 2 times.
You visited 1 bazaar.
You also visited: Sewer, Bailey, Gauntlet, Ice Cave and Volcano.

You collected 9450 gold pieces.
You spent 6953 gold pieces at shops.

Inventory:

Hand Weapons
 a - a +8 sacred scourge of holy wrath (weapon)
 b - the +18 lance "Wyrmbane" {slay drac, rPois rF+ rC+ AC+3}
   (You found it on level 3 of the Vaults)

   AC+3:      It affects your AC (+3).
   rF+:       It protects you from fire.
   rC+:       It protects you from cold.
   rPois:     It protects you from poison
Missiles
 x - 5 throwing nets
Armour
 k - the +5 kite shield of Coekkag {Fly Int+4 Stlth+}
   (You found it on level 2 of the Depths)

   Int+4:     It affects your intelligence (+4).
   Fly:       It grants you flight.
   Stlth+:    It makes you more stealthy.
 s - a +0 pair of gloves (worn)
 t - a +2 helmet of see invisible (worn)
 P - a +2 cloak (worn)
 S - a +1 barding (worn)
 V - a +1 kite shield of reflection (worn)
 W - a +8 crystal plate armour of cold resistance (worn)
Jewellery
 c - the ring of Equivalence (left hand) {rElec EV+5 Dex+2}
   (You found it on level 3 of the Elven Halls)

   [ring of evasion]

   EV+5:      It affects your evasion (+5).
   Dex+2:     It affects your dexterity (+2).
   rElec:     It insulates you from electricity.
 g - a +6 ring of strength
 j - a +4 ring of slaying
 F - a +6 ring of intelligence
 L - a ring of protection from fire
 Q - an amulet of regeneration (around neck)
 R - a ring of flight
 Z - the ring "Ysacid" (right hand) {Will+ rCorr}
   (You found it in an ice cave)

   [ring of resist corrosion]

   Will+:     It increases your willpower.
   rCorr:     It protects you from acid and corrosion.
Wands
 d - a wand of digging (4)
 o - a wand of roots (55)
 y - a wand of charming (30)
 C - a wand of flame (14)
 D - a wand of polymorph (17)
 E - a wand of mindburst (25)
 K - a wand of light (12)
Scrolls
 e - 10 scrolls of blinking
 m - 13 scrolls of poison
 n - 9 scrolls of vulnerability
 r - 10 scrolls of fog
 A - 4 scrolls of silence
 B - 15 scrolls of teleportation
 H - 8 scrolls of fear
 U - a scroll of revelation
Potions
 h - 5 potions of cancellation
 i - 7 potions of attraction
 l - 3 potions of lignification
 p - 21 potions of curing
 q - 5 potions of enlightenment
 u - 3 potions of mutation
 v - 10 potions of heal wounds
 w - 9 potions of resistance
 z - 7 potions of berserk rage
 G - 12 potions of haste
 I - a potion of might
 J - 2 potions of magic
 M - 2 potions of ambrosia
 O - 3 potions of brilliance
Miscellaneous
 f - a phial of floods
 N - a condenser vane
 T - a phantom mirror
 X - a lightning rod (4/4)
 Y - a sack of spiders (inert)


   Skills:
 + Level 21.6 Fighting
 - Level 18.0 Maces & Flails
 - Level 12.0 Polearms
 O Level 27 Armour
 - Level 15.3 Stealth
 - Level 20.0 Shields
 - Level 20.0 Invocations
 - Level 8.0 Evocations


You had 24 spell levels left.
You didn't know any spells.
Your spell library contained the following spells:

 Spells                   Type           Power      Damage    Failure   Level
 Freeze                   Ice            0%         1d3       91%         1
 Magic Dart               Conj           0%         1d3       91%         1
 Sandblast                Erth           0%         2d4       91%         1
 Shock                    Conj/Air       0%         1d3       91%         1
 Summon Small Mammal      Summ           0%         N/A       91%         1
 Blink                    Tloc           0%         N/A       97%         2
 Call Imp                 Summ           0%         N/A       97%         2
 Cigotuvi's Dreadful Rot  Necr/Pois/Air  0%         N/A       97%         2
 Ensorcelled Hibernation  Hex/Ice        0%         N/A       97%         2
 Lesser Beckoning         Tloc           0%         N/A       97%         2
 Momentum Strike          Conj/Tloc      0%         3d8       97%         2
 Passwall                 Tmut/Erth      0%         N/A       97%         2
 Poisonous Vapours        Pois/Air       0%         N/A       97%         2
 Static Discharge         Conj/Air       0%         3-3/arc   97%         2
 Sublimation of Blood     Necr           0%         N/A       97%         2
 Wereblood                Tmut           0%         N/A       97%         2
 Call Canine Familiar     Summ           0%         N/A       99%         3
 Frozen Ramparts          Ice            0%         1d1       99%         3
 Hailstorm                Conj/Ice       0%         3d3       99%         3
 Ignite Poison            Fire/Tmut/Pois 0%         N/A       99%         3
 Inner Flame              Hex/Fire       0%         N/A       99%         3
 Mephitic Cloud           Conj/Pois/Air  0%         N/A       99%         3
 Ozocubu's Armour         Ice            0%         N/A       99%         3
 Stone Arrow              Conj/Erth      0%         3d7       99%         3
 Summon Guardian Golem    Hex/Summ       0%         N/A       99%         3
 Swiftness                Air            0%         N/A       99%         3
 Tukima's Dance           Hex            0%         N/A       99%         3
 Volatile Blastmotes      Fire/Tloc      0%         2d10      99%         3
 Airstrike                Air            0%         2d(0-16)  100%        4
 Anguish                  Hex/Necr       0%         N/A       100%        4
 Brom's Barrelling Bould  Conj/Erth      0%         2d3       100%        4
 Cause Fear               Hex            0%         N/A       100%        4
 Dimensional Bullseye     Hex/Tloc       0%         N/A       100%        4
 Dispel Undead            Necr           0%         3d6       100%        4
 Fulminant Prism          Conj/Hex       0%         3d5       100%        4
 Iskenderun's Mystic Bla  Conj/Tloc      0%         2d3       100%        4
 Leda's Liquefaction      Hex/Erth       0%         N/A       100%        4
 Passage of Golubria      Tloc           0%         N/A       100%        4
 Petrify                  Tmut/Erth      0%         N/A       100%        4
 Summon Ice Beast         Ice/Summ       0%         N/A       100%        4
 Summon Lightning Spire   Summ/Air       0%         N/A       100%        4
 Borgnjor's Vile Clutch   Necr/Erth      0%         N/A       100%        5
 Fireball                 Conj/Fire      0%         3d3       100%        5
 Freezing Cloud           Conj/Ice/Air   0%         6-21      100%        5
 Irradiate                Conj/Tmut      0%         3d11      100%        5
 Iskenderun's Battlesphe  Conj           0%         2d6       100%        5
 Lee's Rapid Deconstruct  Erth           0%         3d4*      100%        5
 Metabolic Englaciation   Hex/Ice        0%         N/A       100%        5
 Silence                  Hex/Air        0%         N/A       100%        5
 Summon Forest            Summ/Tloc      0%         N/A       100%        5
 Summon Mana Viper        Hex/Summ       0%         N/A       100%        5
 Yara's Violent Unravell  Hex/Tmut       0%         3d3       100%        5
 Bombard                  Conj/Erth      0%         9d1       100%        6
 Conjure Ball Lightning   Conj/Air       0%         3x3d6     100%        6
 Simulacrum               Ice/Necr       0%         N/A       100%        6
 Summon Cactus Giant      Summ           0%         N/A       100%        6
 Enfeeble                 Hex            0%         N/A       100%        7
 Orb of Destruction       Conj           0%         9d5       100%        7
 Ozocubu's Refrigeration  Ice            0%         4d7       100%        7
 Lehudib's Crystal Spear  Conj/Erth      0%         10d2      100%        8
 Shatter                  Erth           0%         3d5*      100%        9


Dungeon Overview and Level Annotations

Branches:
Dungeon (15/15)            Temple (1/1) D:5            Lair (5/5) D:9
  Swamp (4/4) Lair:2        Snake (4/4) Lair:2        Slime (3/5) Lair:5
    Orc (2/2) D:9             Elf (3/3) Orc:2        Vaults (5/5) D:14
  Crypt (1/3) Vaults:3     Depths (4/4) D:15            Zot (5/5) Depths:4
  Sewer (visited)          Bailey (visited)           IceCv (visited)
Volcano (visited)         Gauntlet (visited)

Altars:
Ashenzari
Cheibriados
Dithmenos
Elyvilon
Fedhas
Gozag
Hepliaklqana
Kikubaaqudgha
Makhleb
Nemelex Xobeh
Okawaru
Qazlal
Ru
Sif Muna
Trog
Uskayaw
Vehumet
Wu Jian
Xom
Yredelemnul
Zin
The Shining One

Shops:
D:2 (   D:5 [   D:6 ?   D:7 (   D:9 [   D:15 *=   Orc:2 [*==   Elf:1 (
Snake:2 [!=*   Snake:4 =:=   Depths:3 *?

Portals:
Hell: Depths:1 Depths:2 Depths:3 Depths:4
Abyss: Depths:2 Depths:3
Pandemonium: Depths:2 Depths:3
Ziggurat: Depths:3

Annotations:
D:3 2 runed translucent doors, pakraka's ghost, amateur SpEn
D:8 1 transporter
D:13 1 runed translucent door, exclusion: door, Hymp's ghost, journeyman DgHW
Lair:1 2 exclusions
Lair:5 1 runed translucent door, kskgo's ghost, journeyman DjFE
Snake:1 3 runed translucent doors
Elf:1 1 runed translucent door, exclusion: door, Bizboz's ghost, journeyman DEFE
Elf:2 3 runed translucent doors
Zot:1 6 transporters


Innate Abilities, Weirdness & Mutations

You are completely covered in rugged brown scales. (AC +3, +7% HP)
Armour fits poorly on your strangely shaped body.
You have a long armoured tail.
You roll when moving toward enemies. (Rampage)
Your long tongue fully drains potion bottles. (2x potion effects)
Your tongue gives you trouble enunciating. (1.5x scroll delay)
Your mind is acute. (Int +4, Str/Dex -1)
Your magical capacity is low. (-10% MP)
Your system is resistant to poisons. (rPois)
You are robust. (+10% HP)
You occasionally lose the ability to read scrolls when taking damage.


Message History

Your body is wracked with pain!
The Tzitzimitl calls on the powers of darkness!
Your body is wracked with pain!
You can't go up here!
There is a stone staircase leading up here.
The Tzitzimitl calls on the powers of darkness!
Your body is wracked with pain!
* * * LOW HITPOINT WARNING * * *
You climb upwards.
There is a stone staircase leading down here.
A scorpion comes into view.
There is a stone staircase leading up here.
You start resting.
An Orb Guardian comes into view.
You climb upwards.
There is a stone staircase leading down here.
A blizzard demon comes into view.
The blizzard demon gestures at you. The blizzard demon gestures at you.
The bolt of lightning hits the plant!!
The plant begins to die.
The bolt of lightning hits you. You resist.
A nearby plant withers and dies.
You completely miss the plant.
The plant begins to die.
You tail-slap the plant!
The plant is lightly damaged.
A nearby plant withers and dies.
There is a stone staircase leading up here.
You climb upwards.
Level annotation: 2 runed translucent doors, pakraka's ghost, amateur SpEn
There is a stone staircase leading down here.
There is an escape hatch in the ceiling here.
A mysterious force pulls you upwards. The hatch slams shut behind you.
There is a stone staircase leading up here.
You climb upwards.
There is a stone staircase leading down here.
You see here a +0 dagger.
There is an open door here.
HP restored.
There is a staircase leading out of the dungeon here.
You have escaped!

...###..#####≈≈≈≈≈≈§#####..##
#.###.### #≈≈≈..§..§§≈# ###.#####
#.##.## #....(§.....# ##.##..
..##.# ######(###### #.##..
#.##.##### ####8'8#### ######.#..
#.#.##...###.........###..≈##.#..
..#.#....##...........##..≈≈#.#.(
###.#....#............##..§≈#.###
.)..'...........@.....8'(..≈+.#
..#.#....#............'#§§§≈#.###
.##.#....##...........##..§§#.#..
###.##...###.........###§.≈##.###
..##.##### ###8'8#8### #####.##
####.# ######'###### #.# ####.##
#..)........# ##.# ...##.###
#≈≈≈.§...§≈§# ###.##
###.##..#####≈§≈≈≈≈≈#####..##


There were no monsters in sight!

Vanquished Creatures
  A pandemonium lord (D:15)
  A dread lich (Zot:5)
  4 orbs of fire
  2 juggernauts (Depths:2)
  Sojobo (Depths:3)
  Frederick (Vaults:3)
  5 Killer Klowns
  A caustic shrike (Depths:3)
  Xtahua (Depths:3)
  8 golden dragons
  A profane servitor (Abyss:4)
  The ghost of zdzicho121 the Hand of Fortune, an adept GnCj of Nemelex Xobeh (Elf:2)
  A hellephant (D:7)
  An electric golem (Zot:5)
  5 tentacled monstrosities
  21 Orb Guardians
  3 liches
  Rupert (Orc:2)
  3 deep elf master archers (Elf:3)
  Mlioglotl (Swamp:3)
  6 acid blobs
  9 quicksilver dragons
  A titan (Vaults:4)
  4 deep elf blademasters (Elf:3)
  3 sphinxes
  3 tentacled starspawn
  9 death cobs
  4 ancient champions (Crypt:1)
  2 thorn hunters (Swamp:4)
  5 tengu reavers
  Kirke (D:13)
  A shadow dragon (Zot:2)
  13 storm dragons
  Donald (Swamp:1)
  2 revenants (Vaults:3)
  Roxanne (Elf:3)
  5 draconian monks
  A fenstrider witch (Swamp:1)
  8 draconian knights
  2 azure jellies
  6 fire giants
  2 nagarajas (Snake:2)
  The ghost of stendehmen the Mimic, a journeyman MfSh of Ru (Orc:2)
  2 iron dragons
  6 deep elf sorcerers
  8 frost giants
  2 balrugs
  3 deep elf elementalists (Elf:3)
  A juggernaut zombie (Crypt:1)
  3 ghost moths
  Louise (Depths:2)
  3 draconian scorchers
  2 orc warlords
  A cacodemon (Depths:1)
  5 draconian stormcallers
  A caustic shrike skeleton (Depths:1)
  2 draconian annihilators (Zot:4)
  6 draconian shifters
  6 formless jellyfish
  4 quicksilver oozes
  A war gargoyle (Vaults:3)
  11 stone giants
  16 vault wardens
  17 ironbound preservers
  A reaper (Depths:4)
  8 green draconians
  8 ironbound thunderhulks
  3 deep elf demonologists (Elf:3)
  2 grey draconians (Depths:4)
  7 vampire knights
  16 very ugly things
  3 deep elf annihilators
  13 purple draconians
  7 black draconians
  4 eleionomae
  7 white draconians
  2 lorocyprocas
  A minotaur (Gauntlet)
  5 bunyips
  Azrael (D:12)
  7 dire elephants
  12 yellow draconians
  6 spark wasps
  9 red draconians
  An eidolon (Crypt:1)
  4 deep elf death magi
  A crystal guardian (Vaults:3)
  10 ettins
  Josephine (Orc:2)
  An entropy weaver (Vaults:2)
  A merfolk javelineer (Depths:1)
  10 fire dragons
  2 deep elf high priests
  A quicksilver dragon zombie (Crypt:1)
  8 jiangshi
  16 yaktaur captains
  11 ice dragons
  A shambling mangrove (Swamp:4)
  4 rakshasas
  5 salamander tyrants (Snake:4)
  6 great orbs of eyes
  6 spriggan air magi
  A merfolk avatar (Lair:5)
  A peacekeeper (Vaults:3)
  20 vault guards
  2 catoblepae
  19 hydras
  A bennu zombie (Crypt:1)
  A ghost crab (Swamp:3)
  8 ironbound frosthearts
  2 ogre magi (D:15)
  18 two-headed ogres
  4 alligators
  12 anacondas
  20 dancing weapons
  A spriggan skeleton (Depths:3)
  17 centaur warriors
  4 death yaks (IceCv)
  2 death knights
  9 boulder beetles
  A sphinx skeleton (Depths:1)
  3 deep troll earth magi
  3 deep troll shamans
  5 tengu warriors
  8 naga warriors
  14 shock serpents
  12 naga sharpshooters
  2 hell hogs (Depths:2)
  3 vampire magi
  7 thrashing horrors (Abyss:4)
  3 orc high priests (Orc:2)
  2 occultists
  3 spriggan berserkers
  5 hell knights
  A titan skeleton (Depths:1)
  13 deep elf knights
  4 soul eaters
  5 wretched stars
  A sun demon (Depths:2)
  6 salamander mystics
  2 skysharks
  2 fire crabs
  Amaemon (Lair:3)
  3 iron trolls
  18 skeletal warriors
  Nergalle (D:11)
  A shadow wraith (Abyss:3)
  A sixfirhy (Depths:1)
  A death drake (Swamp:2)
  5 goliath frogs
  10 glowing orange brains
  8 bog bodies
  2 spriggan druids (Swamp:2)
  A shadow demon (Depths:1)
  A sea snake (Lair:5)
  2 flayed ghosts
  45 deep trolls
  6 naga ritualists
  2 starcursed masses (Abyss:3)
  14 ironbound convokers
  17 swamp dragons
  8 arcanists
  A golden dragon skeleton (Depths:3)
  13 lindwurms
  7 deep elf archers
  A bunyip skeleton (Abyss:3)
  22 deep elf pyromancers
  4 phantasmal warriors (Crypt:1)
  2 harpies (Lair:5)
  8 orc knights
  33 deep elf zephyrmancers
  11 mana vipers
  36 ugly things
  A shining eye (Slime:1)
  8 necromancers
  4 cyclopes
  A fire giant zombie (Depths:3)
  A shadow dragon skeleton (Crypt:1)
  3 manticores
  6 orc sorcerers
  An ice statue (IceCv)
  19 salamanders
  6 will-o-the-wisps
  A frost giant skeleton (Depths:1)
  18 moths of wrath
  8 guardian serpents
  7 elephants (Lair:5)
  22 black mambas
  2 apocalypse crabs (Abyss:4)
  2 stone giant skeletons (Depths:1)
  21 vault sentinels
  2 eyes of devastation (Slime:2)
  A smoke demon (Abyss:2)
  3 torpor snails
  11 large abominations
  16 naga magi
  A dire elephant skeleton (Crypt:1)
  4 kobold demonologists
  3 unseen horrors
  3 gargoyles
  33 yaktaurs
  12 cane toads
  An orange demon (Lair:3)
  A rime drake (Lair:4)
  12 komodo dragons
  A freezing wraith (Crypt:1)
  A tormentor (Depths:2)
  6 tengu conjurers
  2 ancient zymes
  A queen bee (Abyss:4)
  16 polar bears
  2 ice devils (Orc:2)
  5 meliai (Abyss:4)
  15 hornets
  6 tyrant leeches
  A mana viper skeleton (Crypt:1)
  A hellwing (Abyss:4)
  5 trolls
  A wind drake (Lair:5)
  14 raiju
  3 spriggan zombies
  A hydra skeleton (Crypt:1)
  An ettin zombie (Crypt:1)
  18 blink frogs
  3 glass eyes
  A snapping turtle (Lair:5)
  A stone giant simulacrum (Crypt:1)
  A frost giant simulacrum (Depths:3)
  65 slime creatures
  An air elemental (Elf:3)
  13 spriggans
  A vampire (D:7)
  3 ynoxinuls
  3 water elementals
  A centaur simulacrum (D:14)
  71 yaks
  11 wraiths
  10 wyverns
  A human (D:14)
  12 fire bats
  6 golden eyes
  4 basilisks
  5 fire elementals
  2 chaos spawn
  5 steam dragons
  9 vampire mosquitoes
  2 neqoxecs
  2 redbacks
  3 wargs (Orc:1)
  2 glowing shapeshifter zombies
  55 nagas
  2 acid dragons
  18 water moccasins
  13 swamp worms
  5 hell hounds
  4 sky beasts
  Pargi (Sewer)
  8 swamp drakes
  A swamp drake (shapeshifter) (Depths:3)
  2 ice beasts
  32 orc warriors
  A merfolk skeleton (Crypt:1)
  3 black bears
  7 ogres
  12 centaurs
  37 wolves
  2 phantoms
  9 bullfrogs
  5 kobold brigands
  7 scorpions
  A naga simulacrum (Crypt:1)
  2 small abominations (Abyss:4)
  3 earth elementals
  14 wights
  8 killer bees
  3 howler monkeys
  12 electric eels
  4 lava snakes (Lair:1)
  4 hounds
  13 orc priests
  5 jellies
  A gnoll bouda (D:9)
  3 iron imps
  A sleepcap (D:5)
  Jessica (D:3)
  3 iguanas
  26 orc wizards
  A hound zombie (Crypt:1)
  Robin (D:3)
  10 gnolls
  4 adders
  A shadow imp (D:6)
  4 ufetubi (D:6)
  2 worms
  3 dart slugs
  59 orcs
  2 bats (D:1)
  9 endoplasms
  21 giant cockroaches
  28 goblins
  18 hobgoblins
  2 jackals (Sewer)
  11 kobolds
  10 quokkas
  9 ball pythons
  A frilled lizard (D:3)
  A gnoll skeleton (Crypt:1)
  5 rats
  A lurking horror (Abyss:4)
  4 starspawn tentacles
2104 creatures vanquished.

Vanquished Creatures (collateral kills)
  2 orbs of fire
  Saint Roka (Crypt:1)
  2 Orb Guardians (Zot:5)
  A draconian knight (Zot:5)
  2 ironbound thunderhulks (Vaults:3)
  2 ironbound preservers (Vaults:3)
  A vampire knight (Crypt:1)
  A purple draconian (Zot:5)
  A jiangshi (Crypt:1)
  2 anacondas (Snake:4)
  2 skeletal warriors (Crypt:1)
  A goliath frog (Swamp:1)
  An ironbound convoker (Vaults:3)
  A deep troll (Vaults:3)
  2 lindwurms (Snake:4)
  A salamander (Snake:4)
  A guardian serpent (Snake:4)
  A yaktaur (Vaults:3)
  A freezing wraith (Crypt:1)
  A slime creature (Vaults:3)
  A steam dragon (D:9)
  3 orc warriors
  3 wights (D:9)
  A howler monkey (D:9)
  7 orcs
  2 goblins (D:9)
  3 kobolds (D:9)
  A hobgoblin skeleton (Crypt:1)
48 creatures vanquished.

Vanquished Creatures (others)
  A death cob (Zot:5)
  A deep elf annihilator (Elf:3)
  An ettin (Depths:1)
  A hydra (Swamp:3)
  2 goliath frogs (Swamp:1)
  A deep elf pyromancer (Elf:3)
  A black mamba (Snake:3)
  6 bloated husks
  A swamp worm (Swamp:3)
  A swamp drake (Swamp:4)
  An orc wizard (Orc:2)
  An orc (Orc:2)
  29 foxfires
  5 starspawn tentacles
52 creatures vanquished.

Grand Total: 2204 creatures vanquished

Notes
Turn   | Place    | Note
-------+----------+-------------------------------------------
     0 | D:1      | hitsuchi the Armataur Fighter began the quest for the Orb.
     0 | D:1      | Reached XP level 1. HP: 19/19 MP: 1/1
   128 | D:1      | Reached XP level 2. HP: 26/26 MP: 2/2
   880 | D:2      | Reached XP level 3. HP: 32/32 MP: 3/3
   971 | D:2      | Identified the +0 ring mail of the Dwarven Hall {Contam
                  | rPois Str+5 Int+4}
  1095 | D:2      | Found Erhoaff's Weapon Shop.
  1562 | D:3      | Noticed Robin
  1595 | D:3      | Reached XP level 4. HP: 35/39 MP: 4/4
  1610 | D:3      | Killed Robin
  1762 | D:3      | Noticed Jessica
  1771 | D:3      | Killed Jessica
  2035 | D:3      | Reached XP level 5. HP: 40/44 MP: 5/5
  2128 | D:3      | Found a large runed translucent door.
  2128 | D:3      | Found a large runed translucent door.
  2374 | D:3      | Noticed pakraka's ghost (amateur SpEn)
  2390 | D:4      | Noticed a phantom
  2395 | D:4      | Found a glowing golden altar of the Shining One.
  2410 | D:4      | Killed a phantom
  2411 | D:4      | Reached skill level 5 in Maces & Flails
  2416 | D:4      | Found a sparkling altar of Nemelex Xobeh.
  2418 | D:4      | Found a blossoming altar of Fedhas.
  2423 | D:4      | Found a hide-covered altar of Uskayaw.
  2440 | D:4      | Became a worshipper of the Shining One
  2488 | D:4      | Found a glowing drain.
  2504 | Sewer    | Entered a sewer
  2556 | Sewer    | Noticed Pargi
  2573 | Sewer    | Killed Pargi
  2574 | Sewer    | Reached XP level 6. HP: 34/53 MP: 6/6
  3063 | D:4      | Found a shimmering blue altar of Sif Muna.
  3368 | D:4      | Identified the +5 orcbow of Gehenna {drain, rN+}
  3403 | D:4      | Reached XP level 7. HP: 41/59 MP: 7/7
  3759 | D:5      | Entered Level 5 of the Dungeon
  3781 | D:5      | Found a staircase to the Ecumenical Temple.
  3790 | Temple   | Entered the Ecumenical Temple
  4123 | D:5      | Reached skill level 4 in Armour
  4401 | D:5      | Reached skill level 5 in Armour
  4415 | D:5      | Reached XP level 8. HP: 61/67 MP: 8/8
  4685 | D:5      | Found Sosufyif's Antique Armour Shop.
  4690 | D:5      | Bought a runed chain mail for 217 gold pieces
  4711 | D:5      | You fall into a shaft and drop 3 floors!
  4711 | D:8      | Found a transporter.
  4773 | D:7      | Reached skill level 6 in Armour
  4780 | D:7      | Reached skill level 7 in Armour
  4958 | D:7      | Reached skill level 8 in Armour
  5029 | D:7      | Found a shimmering altar of Xom.
  5030 | D:7      | Found a glowing silver altar of Zin.
  5031 | D:7      | Found an opulent altar of Gozag.
  5032 | D:7      | Found a bloodstained altar of Trog.
  5086 | D:7      | Found Ligimm's Weapon Shop.
  5264 | D:6      | Reached * piety under the Shining One
  5935 | D:6      | Reached XP level 9. HP: 67/75 MP: 9/9
  6172 | D:6      | Found a radiant altar of Vehumet.
  6217 | D:6      | Found Ruise Rost's Magic Scroll Shoppe.
  6229 | D:6      | Bought a scroll of fog for 52 gold pieces
  6229 | D:6      | Bought a scroll of identify for 26 gold pieces
  6229 | D:6      | Bought a scroll of identify for 26 gold pieces
  6680 | D:7      | Noticed a kobold demonologist
  6683 | D:7      | Killed a kobold demonologist
  6700 | D:7      | Noticed a two-headed ogre
  6700 | D:7      | Noticed a two-headed ogre
  7085 | D:7      | Killed a two-headed ogre
  7086 | D:7      | Reached skill level 9 in Armour
  7086 | D:7      | Reached skill level 5 in Shields
  7089 | D:7      | Killed a two-headed ogre
  7090 | D:7      | Reached skill level 5 in Fighting
  7264 | D:7      | Reached XP level 10. HP: 86/86 MP: 10/10
  7264 | D:7      | Noticed a manticore
  7279 | D:7      | Reached skill level 10 in Maces & Flails
  7279 | D:7      | Killed a manticore
  7453 | D:7      | Reached ** piety under the Shining One
  7455 | D:7      | Reached skill level 10 in Armour
  7856 | D:8      | Noticed Maggie
  7857 | D:8      | Maggie changed into Maggie the ice beast
  7857 | D:8      | Noticed Maggie
  7864 | D:8      | Killed Maggie the ice beast
  8839 | D:9      | Found a staircase to the Lair.
  8895 | D:9      | Reached *** piety under the Shining One
  8924 | D:9      | Reached skill level 1 in Invocations
  8956 | D:9      | Reached skill level 11 in Armour
  8957 | D:9      | Found Isoo's Armour Shop.
  8957 | D:9      | Found a staircase to the Orcish Mines.
  8972 | D:9      | Noticed a two-headed ogre
  8981 | D:9      | Reached XP level 11. HP: 27/95 MP: 12/12
  8981 | D:9      | Killed a two-headed ogre
  8999 | D:9      | Found a flagged portal.
  9175 | Bailey   | Entered a bailey
  9587 | Bailey   | Found an iron altar of Okawaru.
  9588 | Bailey   | Identified the quicksilver dragon scales "Fiun" {-Tele
                  | rPois Will+ Regen+ Slay+5}
 10765 | D:9      | Acquired a manual of Maces & Flails
 10768 | D:10     | Entered Level 10 of the Dungeon
 10978 | D:10     | Noticed a two-headed ogre
 10982 | D:10     | Killed a two-headed ogre
 10983 | D:10     | Reached skill level 12 in Armour
 11369 | D:10     | Reached **** piety under the Shining One
 12086 | D:11     | Noticed Nergalle
 12095 | D:11     | Killed Nergalle
 12096 | D:11     | Reached XP level 12. HP: 77/103 MP: 15/15
 13336 | D:12     | Noticed a boulder beetle
 13348 | D:12     | Killed a boulder beetle
 13523 | D:12     | Noticed a two-headed ogre
 13529 | D:12     | Killed a two-headed ogre
 13548 | D:12     | Noticed a boulder beetle
 13556 | D:12     | Killed a boulder beetle
 13557 | D:12     | Reached skill level 15 in Maces & Flails
 13679 | D:12     | Noticed Azrael
 13689 | D:12     | Killed Azrael
 13894 | D:12     | Reached ***** piety under the Shining One
 14398 | D:13     | Noticed a boulder beetle
 14546 | Lair:1   | Entered Level 1 of the Lair of Beasts
 15979 | Lair:2   | Noticed an eight-headed hydra
 15986 | Lair:2   | Killed an eight-headed hydra
 16000 | Lair:2   | Reached XP level 13. HP: 91/118 MP: 16/16
 16161 | Lair:2   | Reached skill level 10 in Fighting
 16163 | Lair:2   | Found a shimmering blue altar of Sif Muna.
 16273 | Lair:2   | Found a staircase to the Snake Pit.
 16367 | Lair:2   | Found a dark tunnel.
 16492 | Volcano  | Entered a volcano
 16511 | Volcano  | Found a bloodstained altar of Trog.
 16512 | Volcano  | Noticed a red draconian
 16550 | Volcano  | Killed a red draconian
 17064 | Lair:2   | Identified the granite talisman of Zaggo {rF+}
 17173 | Lair:2   | Found a staircase to the Swamp.
 17556 | Lair:3   | Reached skill level 1 in Stealth
 17688 | Lair:3   | Noticed Amaemon
 17697 | Lair:3   | Killed Amaemon
 18231 | Gauntlet | Identified the of Tienitenem
 18280 | Lair:4   | Identified the ring "Baecka" {*Slow rN+ rCorr Str+3}
 18344 | Lair:4   | Found a gate leading to a gauntlet.
 18437 | Gauntlet | Entered a Gauntlet
 18437 | Gauntlet | Found a transporter.
 18437 | Gauntlet | Found a transporter.
 18437 | Gauntlet | Found a transporter.
 18447 | Gauntlet | Found a transporter.
 18450 | Gauntlet | Found a transporter.
 18454 | Gauntlet | Found a runed translucent door.
 18458 | Gauntlet | Found a transporter.
 18461 | Gauntlet | Found a transporter.
 18477 | Gauntlet | Found a transporter.
 18487 | Gauntlet | Found a transporter.
 18492 | Gauntlet | Found a transporter.
 18495 | Gauntlet | Found a transporter.
 18497 | Gauntlet | Found a runed translucent door.
 18505 | Gauntlet | Found a transporter.
 18705 | Gauntlet | Reached XP level 14. HP: 119/130 MP: 17/17
 18718 | Gauntlet | Identified the +2 pair of boots of the Gardener {rCorr MP+9
                  | Dex+4}
 18744 | Gauntlet | Identified the +3 scale mail of Anaesthesia {Will+}
 18755 | Gauntlet | Identified the staff of Proximity {rC+ Earth}
 19226 | Lair:4   | Reached skill level 13 in Armour
 19432 | Lair:5   | Entered Level 5 of the Lair of Beasts
 19768 | Lair:5   | Paralysed by a hornet for 3 turns
 20140 | Lair:5   | Reached skill level 10 in Shields
 20346 | Lair:5   | Found a staircase to the Slime Pits.
 20475 | Lair:5   | Found a runed translucent door.
 20476 | Lair:5   | Found a shimmering altar of Xom.
 20476 | Lair:5   | Noticed kskgo's ghost (journeyman DjFE)
 20535 | Lair:5   | Reached skill level 14 in Armour
 21283 | Orc:1    | Entered Level 1 of the Orcish Mines
 21374 | Orc:2    | Entered Level 2 of the Orcish Mines
 21374 | Orc:2    | Noticed stendehmen's ghost (journeyman MfSh)
 21379 | Orc:2    | Noticed Rupert
 21387 | Orc:2    | Killed Rupert
 21429 | Orc:2    | Noticed an orc warlord
 21439 | Orc:2    | Killed an orc warlord
 21530 | Orc:2    | Found a runed translucent door.
 21590 | Orc:2    | Found a frozen archway.
 21616 | IceCv    | Entered an ice cave
 21616 | IceCv    | Reached ****** piety under the Shining One
 22004 | IceCv    | Reached XP level 15. HP: 141/141 MP: 18/18
 22110 | IceCv    | Noticed a frost giant
 22124 | IceCv    | Killed a frost giant
 22139 | IceCv    | Reached skill level 15 in Armour
 22179 | IceCv    | Identified the ring "Ysacid" {Will+ rCorr}
 22570 | Orc:2    | Found a staircase to the Elven Halls.
 23268 | Orc:2    | Found Qycequ's Jewellery Shoppe.
 23268 | Orc:2    | Found Doilun's Jewellery Boutique.
 23277 | Orc:2    | Reached skill level 16 in Armour
 23277 | Orc:2    | Found Uvisch's General Store.
 23277 | Orc:2    | Found Ykleqaf's Antique Armour Shoppe.
 23322 | Orc:2    | Bought a potion of ambrosia for 80 gold pieces
 23322 | Orc:2    | Bought a scroll of blinking for 75 gold pieces
 23411 | Orc:2    | Killed stendehmen's ghost
 23679 | Orc:1    | Noticed Josephine
 23684 | Orc:2    | Killed Josephine
 24393 | D:13     | Identified the +10 scale mail "Dyiff" {rN+}
 24396 | D:13     | Found a runed translucent door.
 24396 | D:13     | Noticed Hymp's ghost (journeyman DgHW)
 24409 | D:13     | Noticed Kirke
 24415 | D:13     | Killed Kirke
 24416 | D:13     | Reached skill level 17 in Armour
 25617 | D:14     | Reached skill level 18 in Armour
 25709 | D:14     | Reached skill level 5 in Invocations
 26386 | D:14     | Found a gate to the Vaults.
 26433 | D:15     | Entered Level 15 of the Dungeon
 26495 | D:15     | Found a sacrificial altar of Ru.
 26628 | D:15     | Reached XP level 16. HP: 72/148 MP: 17/21
 27060 | D:15     | Found a staircase to the Depths.
 27135 | D:15     | Found Vuongiz's General Store.
 27174 | D:15     | Found Jeog Xul's Jewellery Boutique.
 27887 | Orc:2    | Bought a ring of poison resistance for 340 gold pieces
 27987 | Snake:2  | Identified the of Goqo
 27987 | Swamp:1  | Entered Level 1 of the Swamp
 28071 | Swamp:1  | Reached skill level 10 in Invocations
 28345 | Swamp:1  | Noticed Donald
 28363 | Swamp:1  | Killed Donald
 28610 | Swamp:1  | Identified the +2 shortbow of Dogehun {flame, rCorr Stlth+}
 30543 | Swamp:3  | Noticed Mlioglotl
 30554 | Swamp:3  | Killed Mlioglotl
 30555 | Swamp:3  | Reached skill level 19 in Armour
 31090 | Swamp:4  | Entered Level 4 of the Swamp
 31288 | Swamp:3  | Reached skill level 1 in Evocations
 31371 | Swamp:4  | Reached XP level 17. HP: 65/156 MP: 26/26
 31888 | Swamp:4  | Got a decaying rune of Zot
 32108 | Swamp:4  | Found the +3 robe of Clouds {*Thunder rCloud rElec}
 32385 | Snake:1  | Entered Level 1 of the Snake Pit
 32753 | Snake:1  | Found a runed translucent gate.
 32754 | Snake:1  | Found a runed translucent gate.
 32754 | Snake:1  | Found a runed translucent gate.
 33090 | Snake:2  | Found Qoddo's Armour Shop.
 33150 | Snake:2  | Reached skill level 20 in Armour
 33161 | Snake:2  | Found Kuawouco's Jewellery Shoppe.
 33284 | Snake:2  | Found Iheir's Assorted Antiques.
 33689 | Snake:2  | Reached skill level 5 in Evocations
 33912 | Snake:2  | Found Lalump's Distillery.
 33918 | Snake:2  | Bought a potion of heal wounds for 80 gold pieces
 33918 | Snake:2  | Bought a potion of heal wounds for 80 gold pieces
 33918 | Snake:2  | Bought a potion of heal wounds for 80 gold pieces
 33918 | Snake:2  | Bought a potion of heal wounds for 80 gold pieces
 33918 | Snake:2  | Bought a potion of heal wounds for 80 gold pieces
 34346 | Snake:2  | Bought a worn iron wand for 140 gold pieces
 35029 | Snake:3  | Identified the +1 chain mail of the Depths {Int+4 Dex+4}
 35814 | Snake:4  | Entered Level 4 of the Snake Pit
 35837 | Snake:4  | Reached XP level 18. HP: 137/167 MP: 28/28
 36227 | Snake:4  | Found Wuxowk's Jewellery Boutique.
 36227 | Snake:4  | Found Hyjom's Book Emporium.
 36228 | Snake:4  | Found Liymall's Jewellery Boutique.
 36989 | Snake:4  | Got a serpentine rune of Zot
 37465 | Vaults:1 | Entered Level 1 of the Vaults
 38145 | Vaults:1 | Reached skill level 15 in Shields
 38658 | Vaults:1 | Reached skill level 15 in Invocations
 38658 | Vaults:1 | Reached XP level 19. HP: 139/178 MP: 30/30
 40358 | Vaults:3 | Noticed Frederick
 40393 | Vaults:3 | Found a staircase to the Crypt.
 40542 | Vaults:3 | Found the +8 lance "Wyrmbane" {slay drac, rPois rF+ rC+
                  | AC+3}
 40589 | Vaults:3 | Identified a +1 sacred scourge of holy wrath (a -1 demon
                  | whip of venom blessed by the Shining One)
 40589 | Vaults:3 | Received a gift from the Shining One
 40706 | Vaults:3 | Reached skill level 1 in Polearms
 41008 | Vaults:3 | Reached skill level 21 in Armour
 41043 | Vaults:3 | Reached skill level 15 in Fighting
 41273 | Vaults:3 | Killed Frederick
 41496 | Vaults:3 | Paralysed by a formless jellyfish for 1 turns
 41636 | Vaults:3 | Identified the +1 leather armour of Fedhas's Castigation
                  | {Str+4}
 41658 | Vaults:3 | Reached skill level 5 in Polearms
 41870 | Vaults:3 | Reached XP level 20. HP: 190/190 MP: 31/31
 41926 | Vaults:3 | Paralysed by a formless jellyfish for 1 turns
 42452 | Vaults:4 | Identified the "Veink"
 44361 | Vaults:4 | Reached skill level 22 in Armour
 44481 | Vaults:5 | Identified the "Venle"
 44481 | Vaults:5 | Entered Level 5 of the Vaults
 44910 | Depths:1 | Entered Level 1 of the Depths
 45701 | Depths:1 | Reached skill level 10 in Polearms
 45701 | Depths:1 | Found a shadowy altar of Dithmenos.
 45733 | Depths:1 | Reached XP level 21. HP: 172/201 MP: 32/32
 45935 | Depths:1 | Found a gateway to Hell.
 46116 | Depths:2 | Identified the "Geneh"
 46294 | Depths:2 | Found a one-way gate to the infinite horrors of the Abyss.
 46294 | Depths:2 | Noticed Louise
 46659 | Depths:2 | Noticed a juggernaut
 46668 | Depths:2 | Killed a juggernaut
 46787 | Depths:2 | Identified the +5 kite shield of Coekkag {Fly Int+4 Stlth+}
 47277 | Depths:1 | Reached skill level 23 in Armour
 47428 | Depths:2 | Noticed a golden dragon
 47445 | Depths:2 | Killed a golden dragon
 47854 | Depths:2 | Found a one-way gate leading to the halls of Pandemonium.
 48042 | Depths:2 | Killed Louise
 48161 | Depths:3 | Found a one-way gateway to a ziggurat.
 48278 | Depths:3 | Noticed a juggernaut
 48302 | Depths:2 | Killed a juggernaut
 48422 | Depths:3 | Noticed Xtahua
 48570 | Depths:3 | Killed Xtahua
 48621 | Depths:3 | Reached skill level 24 in Armour
 48663 | Depths:3 | Noticed a caustic shrike
 48679 | Depths:3 | Identified the ring of Vampiric Thralls {Contam rElec rPois
                  | Int+6 SInv}
 48681 | Depths:3 | Noticed a golden dragon
 48977 | Depths:3 | Identified the storm talisman of Gallantry {Str+2}
 48977 | Depths:3 | Noticed Sojobo
 49253 | Depths:3 | Killed Sojobo
 49330 | Depths:3 | Reached XP level 22. HP: 209/209 MP: 33/33
 49359 | Depths:3 | Killed a golden dragon
 49404 | Depths:3 | Killed a caustic shrike
 49587 | Depths:3 | Found Rounnuz's Magic Scroll Emporium.
 49595 | Depths:3 | Bought 3 scrolls of acquirement for 2808 gold pieces
 49595 | Depths:3 | Acquired 386 gold pieces
 49597 | Depths:3 | Acquired 1282 gold pieces
 49599 | Depths:3 | Acquired a manual of Invocations
 49601 | Depths:3 | Bought a scroll of blinking for 135 gold pieces
 49601 | Depths:3 | Bought a scroll of acquirement for 936 gold pieces
 49601 | Depths:3 | Acquired 1024 gold pieces
 49740 | Depths:3 | Found Big Baal Hell's Store.
 50158 | Depths:4 | Entered Level 4 of the Depths
 50749 | Depths:4 | Noticed a golden dragon
 50755 | Depths:4 | Killed a golden dragon
 50841 | Depths:4 | Found a gate to the Realm of Zot.
 51614 | Elf:1    | Entered Level 1 of the Elven Halls
 52071 | Elf:1    | Found a runed translucent door.
 52074 | Elf:1    | Noticed Bizboz's ghost (journeyman DEFE)
 52078 | Elf:1    | Reached skill level 25 in Armour
 52477 | Elf:1    | Found Fuputaa's Weapon Shoppe.
 53038 | Elf:2    | Found a runed translucent gate.
 53039 | Elf:2    | Found a runed translucent gate.
 53039 | Elf:2    | Found a runed translucent gate.
 53283 | Elf:2    | Found a runed translucent gate.
 53284 | Elf:2    | Found a runed translucent gate.
 53285 | Elf:2    | Found a runed translucent gate.
 53285 | Elf:2    | Noticed zdzicho121's ghost (adept GnCj)
 53428 | Elf:2    | Killed zdzicho121's ghost
 53486 | Elf:2    | Identified the +0 pair of gloves of the Teacher {rCorr
                  | Dex+3}
 53584 | Elf:3    | Identified the "Impun"
 53584 | Elf:3    | Identified the "Qeofedul"
 53584 | Elf:3    | Entered Level 3 of the Elven Halls
 53688 | Elf:3    | Found a flickering gateway to a bazaar.
 53725 | Bazaar   | Entered a bazaar
 53727 | Bazaar   | Found Tabruab's Book Boutique.
 53731 | Bazaar   | Found Ydajexis's Antique Armour Boutique.
 53731 | Bazaar   | Found Udiz's Antique Armour Boutique.
 53732 | Bazaar   | Found Kiepihed's Antique Armour Boutique.
 54094 | Elf:3    | Noticed Roxanne
 54121 | Elf:3    | Killed Roxanne
 54145 | Elf:3    | Identified the +7 scale mail of the Other World {Harm MP+9
                  | SInv}
 54252 | Elf:3    | Paralysed by an air elemental for 1 turns
 54255 | Abyss:2  | Cast into level 2 of the Abyss (a deep elf sorcerer)
 54275 | Abyss:2  | Found a corrupted altar of Lugonu.
 54298 | Abyss:3  | Found a corrupted altar of Lugonu.
 54399 | Abyss:3  | Found a corrupted altar of Lugonu.
 54439 | Abyss:3  | Reached XP level 23. HP: 220/220 MP: 35/35
 54454 | Abyss:3  | Found a corrupted altar of Lugonu.
 54766 | Elf:3    | Escaped the Abyss
 54776 | Elf:3    | Identified the ring of Poliotaa {*Corrode rPois Int+6 SInv}
 55170 | Elf:3    | Found the +8 storm bow {elec, penet}
 55397 | Elf:3    | Identified the ring "Wiepput" {rElec rPois rC+ AC+4 Dex-3}
 55415 | Elf:3    | Identified the ring of Equivalence {rElec EV+5 Dex+2}
 55470 | Elf:3    | Identified the +6 bardiche of Courage {venom, +Blink MP+9}
 55475 | Elf:3    | Identified the scarf of Jaxanu {repulsion, rPois Str+3
                  | Stlth+}
 55481 | Elf:3    | Identified the +3 shortbow of the Poles {speed, Drain Fly
                  | rF+ Int+4}
 55492 | Elf:3    | Identified the ring of Jalivoo {rPois Dex+6}
 56087 | Depths:2 | Voluntarily entered the Abyss.
 56127 | Abyss:4  | Got an abyssal rune of Zot
 56204 | Abyss:4  | Reached skill level 26 in Armour
 56320 | Depths:2 | Escaped the Abyss
 56502 | Zot:1    | Entered Level 1 of the Realm of Zot
 56651 | Zot:1    | Found a transporter.
 56655 | Zot:1    | Found a transporter.
 56790 | Zot:1    | Found a transporter.
 56796 | Zot:1    | Noticed an orb of fire
 56818 | Zot:1    | Gained mutation: You sometimes lose your temper in combat.
                  | [an orb of fire]
 56819 | Zot:1    | Killed an orb of fire
 56892 | Zot:1    | Lost mutation: You sometimes lose your temper in combat.
                  | [potion of mutation]
 56892 | Zot:1    | Gained mutation: Your tail ends in a venomous barb. [potion
                  | of mutation]
 56892 | Zot:1    | Gained mutation: You are strong-willed. (Will+) [potion of
                  | mutation]
 56892 | Zot:1    | Gained mutation: You have a somewhat thin skeletal
                  | structure. (Dex +2, Stealth+) [potion of mutation]
 56923 | Zot:1    | Found a transporter.
 57409 | Zot:1    | Found a transporter.
 57490 | Zot:1    | Found a transporter.
 58471 | Zot:3    | Reached skill level 5 in Stealth
 59014 | Zot:3    | Found a blossoming altar of Fedhas.
 59019 | Zot:3    | Found a shimmering altar of Xom.
 59051 | Zot:3    | Found a bloodstained altar of Trog.
 59072 | Zot:3    | Found a sparkling altar of Nemelex Xobeh.
 59536 | Zot:4    | Noticed a Killer Klown
 59564 | Zot:4    | Killed a Killer Klown
 59696 | Zot:4    | Noticed a Killer Klown
 59726 | Zot:4    | Killed a Killer Klown
 59742 | Zot:4    | Reached XP level 24. HP: 220/233 MP: 35/35
 59756 | Zot:4    | Noticed a Killer Klown
 60322 | Zot:4    | Identified the maw talisman of Yqolak {rF+}
 60655 | Zot:4    | Noticed a Killer Klown
 60667 | Zot:4    | Killed a Killer Klown
 61356 | Zot:4    | a Killer Klown changed into an acid blob
 61364 | Zot:4    | Reached skill level 10 in Stealth
 61475 | Zot:5    | Entered Level 5 of the Realm of Zot
 61610 | Zot:5    | Noticed an orb of fire
 61611 | Zot:5    | Noticed a Killer Klown
 61612 | Zot:5    | Gained mutation: You are frail. (-10% HP) [an orb of fire]
 61612 | Zot:5    | Noticed an orb of fire
 61893 | Zot:5    | Gained mutation: You have large cloven feet. [an orb of
                  | fire]
 61897 | Zot:5    | Was placed under penance by the Shining One
 61899 | Zot:5    | Gained mutation: You sometimes lose your temper in combat.
                  | [an orb of fire]
 61903 | Zot:5    | Gained mutation: Your spells are a little easier to cast,
                  | but a little less powerful. [an orb of fire]
 62531 | Slime:1  | Entered Level 1 of the Pits of Slime
 62595 | Slime:1  | Paralysed by a formless jellyfish for 1 turns
 62599 | Lair:5   | Paralysed by a formless jellyfish for 1 turns
 62602 | Lair:5   | Reached skill level 27 in Armour
 62692 | Lair:5   | Lost mutation: You are strong-willed. (Will+) [potion of
                  | mutation]
 62692 | Lair:5   | Lost mutation: You have large cloven feet. [potion of
                  | mutation]
 62692 | Lair:5   | Lost mutation: You have a somewhat thin skeletal structure.
                  | (Dex +2, Stealth+) [potion of mutation]
 62692 | Lair:5   | Lost mutation: You sometimes lose your temper in combat.
                  | [potion of mutation]
 62692 | Lair:5   | Lost mutation: You are frail. (-10% HP) [potion of
                  | mutation]
 62692 | Lair:5   | Lost mutation: Your spells are a little easier to cast, but
                  | a little less powerful. [potion of mutation]
 62692 | Lair:5   | Gained mutation: Your tail ends in a sharp venomous barb.
                  | [potion of mutation]
 62692 | Lair:5   | Gained mutation: Your flesh is heat resistant. (rF+)
                  | [potion of mutation]
 62692 | Lair:5   | Gained mutation: You are occasionally teleported next to
                  | monsters. [potion of mutation]
 62692 | Lair:5   | Gained mutation: You are partially covered in iridescent
                  | scales. (AC +2) [potion of mutation]
 62692 | Lair:5   | Gained mutation: Your body sometimes deteriorates upon
                  | taking damage. [potion of mutation]
 62692 | Lair:5   | Gained mutation: You have sharp toenails. [potion of
                  | mutation]
 62693 | Lair:5   | Lost mutation: You are partially covered in iridescent
                  | scales. (AC +2) [potion of mutation]
 62693 | Lair:5   | Lost mutation: You are occasionally teleported next to
                  | monsters. [potion of mutation]
 62693 | Lair:5   | Lost mutation: Your body sometimes deteriorates upon taking
                  | damage. [potion of mutation]
 62693 | Lair:5   | Lost mutation: Your tail ends in a sharp venomous barb.
                  | [potion of mutation]
 62693 | Lair:5   | Lost mutation: Your flesh is heat resistant. (rF+) [potion
                  | of mutation]
 62693 | Lair:5   | Lost mutation: Your tail ends in a venomous barb. [potion
                  | of mutation]
 62693 | Lair:5   | Gained mutation: You have a pair of small horns on your
                  | head. [potion of mutation]
 62693 | Lair:5   | Gained mutation: You have a pair of horns on your head.
                  | [potion of mutation]
 62693 | Lair:5   | Gained mutation: You expend magic power (3 MP) to
                  | strengthen your wands. [potion of mutation]
 62693 | Lair:5   | Gained mutation: You occasionally shout uncontrollably at
                  | your foes. [potion of mutation]
 62693 | Lair:5   | Gained mutation: Your flesh is cold resistant. (rC+)
                  | [potion of mutation]
 62693 | Lair:5   | Gained mutation: You possess an exceptional clarity of
                  | mind. [potion of mutation]
 62845 | Slime:1  | Gained mutation: You are weak. (Str -2) [a shining eye]
 62848 | Slime:1  | Gained mutation: You occasionally lose the ability to drink
                  | potions when taking damage. [a shining eye]
 64099 | Crypt:1  | Entered Level 1 of the Crypt
 64126 | Crypt:1  | Noticed Saint Roka
 64131 | Crypt:1  | Was forgiven by the Shining One
 64147 | Crypt:1  | Killed Saint Roka
 64313 | Crypt:1  | Found a basalt altar of Yredelemnul.
 65576 | Zot:5    | Lost mutation: You possess an exceptional clarity of mind.
                  | [an orb of fire]
 65714 | Zot:4    | Gained mutation: You are vulnerable to heat. (rF-) [an orb
                  | of fire]
 65723 | Zot:4    | Killed an orb of fire
 65759 | Zot:4    | Lost mutation: You have a pair of horns on your head.
                  | [potion of mutation]
 65759 | Zot:4    | Lost mutation: You expend magic power (3 MP) to strengthen
                  | your wands. [potion of mutation]
 65759 | Zot:4    | Lost mutation: Your flesh is cold resistant. (rC+) [potion
                  | of mutation]
 65759 | Zot:4    | Lost mutation: You have a pair of small horns on your head.
                  | [potion of mutation]
 65759 | Zot:4    | Lost mutation: You are weak. (Str -2) [potion of mutation]
 65759 | Zot:4    | Lost mutation: You occasionally lose the ability to drink
                  | potions when taking damage. [potion of mutation]
 65759 | Zot:4    | Lost mutation: You have sharp toenails. [potion of
                  | mutation]
 65759 | Zot:4    | Gained mutation: You occasionally lose the ability to read
                  | scrolls when taking damage. [potion of mutation]
 65759 | Zot:4    | Gained mutation: You are partially covered in iridescent
                  | scales. (AC +2) [potion of mutation]
 65759 | Zot:4    | Gained mutation: You occasionally lose the ability to drink
                  | potions when taking damage. [potion of mutation]
 65759 | Zot:4    | Gained mutation: You possess an exceptional clarity of
                  | mind. [potion of mutation]
 65760 | Zot:4    | Lost mutation: You occasionally shout uncontrollably at
                  | your foes. [potion of mutation]
 65760 | Zot:4    | Lost mutation: You are partially covered in iridescent
                  | scales. (AC +2) [potion of mutation]
 65760 | Zot:4    | Lost mutation: You possess an exceptional clarity of mind.
                  | [potion of mutation]
 65760 | Zot:4    | Lost mutation: You are vulnerable to heat. (rF-) [potion of
                  | mutation]
 65760 | Zot:4    | Lost mutation: You occasionally lose the ability to read
                  | scrolls when taking damage. [potion of mutation]
 65760 | Zot:4    | Lost mutation: You occasionally lose the ability to drink
                  | potions when taking damage. [potion of mutation]
 65760 | Zot:4    | Gained mutation: Your tail ends in a venomous barb. [potion
                  | of mutation]
 65760 | Zot:4    | Gained mutation: Your flesh is heat resistant. (rF+)
                  | [potion of mutation]
 65760 | Zot:4    | Gained mutation: You are strong-willed. (Will+) [potion of
                  | mutation]
 65760 | Zot:4    | Gained mutation: A frigid envelope surrounds you and
                  | freezes all who hurt you. [potion of mutation]
 65760 | Zot:4    | Gained mutation: You passively map a small area around you.
                  | [potion of mutation]
 65860 | Zot:5    | Gained mutation: You are frail. (-10% HP) [an orb of fire]
 65862 | Zot:5    | Gained mutation: Your spells are a little easier to cast,
                  | but a little less powerful. [an orb of fire]
 65866 | Zot:5    | Lost mutation: Your tail ends in a venomous barb. [an orb
                  | of fire]
 65874 | Zot:5    | Killed a Killer Klown
 65876 | Zot:5    | Reached XP level 25. HP: 133/224 MP: 14/36
 65880 | Zot:5    | Gained mutation: Your magical capacity is low. (-10% MP)
                  | [an orb of fire]
 65882 | Zot:5    | Killed an orb of fire
 66165 | Zot:5    | Reached skill level 15 in Stealth
 66410 | Zot:5    | Noticed a Killer Klown
 66433 | Zot:5    | Noticed a dread lich
 66442 | Zot:5    | Killed a Killer Klown
 66460 | Zot:5    | Killed a dread lich
 66503 | Zot:5    | Noticed an orb of fire
 66510 | Zot:5    | Gained mutation: You sometimes lose your temper in combat.
                  | [an orb of fire]
 66525 | Zot:5    | Gained mutation: You occasionally shout uncontrollably at
                  | your foes. [an orb of fire]
 66531 | Zot:5    | Killed an orb of fire
 66537 | Zot:5    | Lost mutation: You occasionally shout uncontrollably at
                  | your foes. [potion of mutation]
 66537 | Zot:5    | Lost mutation: A frigid envelope surrounds you and freezes
                  | all who hurt you. [potion of mutation]
 66537 | Zot:5    | Lost mutation: Your flesh is heat resistant. (rF+) [potion
                  | of mutation]
 66537 | Zot:5    | Lost mutation: You are frail. (-10% HP) [potion of
                  | mutation]
 66537 | Zot:5    | Gained mutation: You have sharp toenails. [potion of
                  | mutation]
 66537 | Zot:5    | Gained mutation: You are occasionally teleported next to
                  | monsters. [potion of mutation]
 66537 | Zot:5    | Lost mutation: You are strong-willed. (Will+) [potion of
                  | mutation]
 66537 | Zot:5    | Gained mutation: You have a pair of small antennae on your
                  | head. [potion of mutation]
 66538 | Zot:5    | Lost mutation: Your spells are a little easier to cast, but
                  | a little less powerful. [potion of mutation]
 66538 | Zot:5    | Lost mutation: You have a pair of small antennae on your
                  | head. [potion of mutation]
 66538 | Zot:5    | Lost mutation: You have sharp toenails. [potion of
                  | mutation]
 66538 | Zot:5    | Lost mutation: You sometimes lose your temper in combat.
                  | [potion of mutation]
 66538 | Zot:5    | Lost mutation: You passively map a small area around you.
                  | [potion of mutation]
 66538 | Zot:5    | Lost mutation: Your magical capacity is low. (-10% MP)
                  | [potion of mutation]
 66538 | Zot:5    | Gained mutation: Your tail ends in a venomous barb. [potion
                  | of mutation]
 66538 | Zot:5    | Gained mutation: You are frail. (-10% HP) [potion of
                  | mutation]
 66538 | Zot:5    | Gained mutation: You are agile. (Dex +4, Str/Int -1)
                  | [potion of mutation]
 66538 | Zot:5    | Lost mutation: You are frail. (-10% HP) [potion of
                  | mutation]
 66538 | Zot:5    | Gained mutation: Your muscles are strong. (Str +4, Int/Dex
                  | -1) [potion of mutation]
 67113 | Orc:2    | Bought 2 potions of mutation for 160 gold pieces
 67113 | Orc:2    | Bought a scroll of teleportation for 30 gold pieces
 67246 | Snake:2  | Bought a condenser vane for 1400 gold pieces
 67281 | Snake:2  | Bought a potion of mutation for 128 gold pieces
 67928 | Zot:5    | Noticed an orb of fire
 67938 | Zot:5    | Gained mutation: You are frail. (-10% HP) [an orb of fire]
 67945 | Zot:5    | Killed an orb of fire
 67998 | Zot:5    | Noticed an orb of fire
 68011 | Zot:5    | Killed an orb of fire
 68037 | Zot:5    | Noticed a Killer Klown
 68160 | Zot:5    | Lost mutation: You are frail. (-10% HP) [potion of
                  | mutation]
 68160 | Zot:5    | Lost mutation: Your tail ends in a venomous barb. [potion
                  | of mutation]
 68160 | Zot:5    | Lost mutation: Your muscles are strong. (Str +4, Int/Dex
                  | -1) [potion of mutation]
 68160 | Zot:5    | Lost mutation: You are agile. (Dex +4, Str/Int -1) [potion
                  | of mutation]
 68160 | Zot:5    | Lost mutation: You are occasionally teleported next to
                  | monsters. [potion of mutation]
 68160 | Zot:5    | Gained mutation: Your system is resistant to poisons.
                  | (rPois) [potion of mutation]
 68160 | Zot:5    | Gained mutation: You occasionally lose the ability to read
                  | scrolls when taking damage. [potion of mutation]
 68160 | Zot:5    | Gained mutation: Your magical capacity is low. (-10% MP)
                  | [potion of mutation]
 68160 | Zot:5    | Gained mutation: You are robust. (+10% HP) [potion of
                  | mutation]
 68160 | Zot:5    | Gained mutation: Your mind is acute. (Int +4, Str/Dex -1)
                  | [potion of mutation]
 68200 | Zot:5    | Got the Orb of Zot
 68611 | D:15     | Noticed Roshroved the pandemonium lord
 68621 | D:15     | Killed Roshroved the pandemonium lord
 68945 | D:$      | Escaped with the Orb!

Illustrated notes

Levels and vault maps discovered:
D:1:      dpeg_arrival_morbid_curiosity, layout_loops_cross,
          minmay_misc_feat_chi
D:2:      minmay_roachtagon, layout_basic, serial_shops, shop
D:3:      layout_basic, ebering_ghost_disaster_area, uniq_robin, uniq_jessica
D:4:      wad_woods_settlement, layout_basic,
          nicolae_overflow_macrodata_refinement, overflow_temple_1_default,
          portal_sewer_entry_f
D:5:      layout_basic, temple_statues, serial_shops, shop
D:6:      layout_gridville, kennysheep_mini_moat, serial_shops,
          nicolae_shop_tiny_waterfront, nicolae_elevator_lobby_plus
D:7:      layout_loops_cross, minitemple, serial_shops, nicolae_shop_peninsula,
          minmay_the_grid_2x2 [minmay_the_grid_minigrid_large,
          minmay_the_grid_fan, minmay_the_grid_box_x,
          minmay_the_grid_prize_four_corners_diamond_a]
D:8:      layout_loops_ring, st_stairs_6, minivault_19, nicolae_diode_basic,
          uniq_maggie
D:9:      layout_basic, dpeg_oklobed_lair, orc_david_3, enter_bailey_3,
          minmay_misc_feat_roman
D:10:     layout_basic
D:11:     layout_cave_pods, uniq_nergalle
D:12:     layout_stronghold, serial_rivers, chequers_serial_rivers_marsh,
          chequers_serial_rivers_marsh, chequers_serial_rivers_micro_c,
          chequers_serial_rivers_small_3, uniq_azrael
D:13:     layout_layer_cave, ebering_ghost_inner_flame, minmay_liquid_box,
          uniq_kirke
D:14:     layout_loops_cross, hellmonk_vaults_keyhole, serial_bayou_ford_a
D:15:     hangedman_depths_entry_civil_slaughter, layout_loops_ring,
          nicolae_ru_sacrificial_ziggurat, nicolae_wooded_promenade
Temple:   nicolae_temple_slightly_damp_pantheon
Lair:1:   layout_chaotic_city, nicolae_lair_liquid_snakes, grunt_megastairs_5
Lair:2:   layout_roguey, mainiacjoe_swamp_entry_lozenge_pond,
          minmay_snake_entry_guardpost_medium, nicolae_volcano_entry_batcave,
          basic_altar, serial_rivers, chequers_serial_rivers_micro_c,
          chequers_serial_rivers_micro_b, chequers_serial_rivers_micro_a,
          chequers_serial_rivers_micro_d, chequers_serial_rivers_micro_a
Lair:3:   layout_gridlike, uniq_amaemon
Lair:4:   layout_roguey, gauntlet_entry_generic
Lair:5:   gammafunk_lair_ancient_temple, layout_cave_pods,
          minmay_slime_entry_pillars, ebering_ghost_xom
Swamp:1:  layout_basic_swamp, evilmike_swamp_ruin_house_3, swamp_pool_1_2,
          tekkud_bubbles_buried_in_this_jungle, uniq_donald
Swamp:2:  layout_basic_swamp, evilmike_swamp_ruin_rubble_1, st_swamp_ruins_1,
          infiniplex_staircase_pool
Swamp:3:  layout_basic_swamp, nicolae_swamp_little_swirl, uniq_mlioglotl
Swamp:4:  swamp_alternative, layout_basic_swamp
Snake:1:  layout_onion_interference, nicolae_snake_horde_hoard,
          grunt_megastairs_2
Snake:2:  layout_misc_corridors, serial_shops, shop, shop,
          nicolae_shop_mannequins, shop,
          serial_library_regret_index_branch_corner,
          nicolae_snake_scaly_snakehead
Snake:3:  layout_chambers
Snake:4:  snake_pit_salamanders_mu, layout_misc_corridors, minmay_shop_grove
Slime:1:  layout_caves, nicolae_slime_getting_an_eyeful
Slime:2:  layout_caves, nicolae_slime_welcoming_committee
Slime:3:  layout_caves
Orc:1:    layout_diamond_mine, uniq_josephine
Orc:2:    grunt_orc_tribal_feast, layout_diamond_mine,
          hellmonk_ghost_happy_afterlife, portal_ice_cave_demonic_guard,
          uniq_rupert
Elf:1:    nicolae_elf_arrival_fired_up, layout_onion_city, serial_shops,
          nicolae_shop_statue_plus, ebering_ghost_reflecting_pool,
          hangedman_elven_crosses_minicolossus
Elf:2:    nicolae_elf_blades_crystal_corner, layout_geoelf_grid,
          gammafunk_ghost_split, uniq_louise
Elf:3:    minmay_elf_hall, layout_gridlike, serial_shops, bzr_entry_customers,
          uniq_roxanne
Vaults:1: nicolae_vaults_inception_corners, v_rooms_2,
          vaults_room_grunt_arrival_ludios, hangedman_vaults_capsules,
          nicolae_vaults_yaktaur_gun_rack, nicolae_vaults_theta, v_rooms_6,
          ontoclasm_vaults_decontamination, ontoclasm_vaults_pinch,
          vaults_dpeg_hooks, layout_vaults_omnibox
Vaults:2: nicolae_vaults_tangram_2, nicolae_vaults_closet_pinwheel_5,
          vaults_mumra_chevron, nicolae_vaults_offset_grid_hallway_3, v_rooms_1,
          v_misc_27, vaults_room_pools, vaults_room_corners,
          nicolae_vaults_trapezoid_lopsided_3, vaults_mumra_hex,
          nicolae_vaults_tetromino_T_1, vaults_dpeg_ring,
          nicolae_vaults_double_plus_1, layout_vaults_chaotic_city
Vaults:3: st_hourglassy, v_alt_pattern_2, nicolae_vaults_little_squares_4,
          nicolae_vaults_double_plus_2, nicolae_vaults_stepped_doors,
          nicolae_vaults_door_testing_chamber, nicolae_vaults_hexular_roomagon,
          nicolae_vaults_prndl, nicolae_vaults_big_ls, vaults_room_ringed_pool,
          nicolae_vaults_little_squares_4, hangedman_vaults_trim,
          nicolae_vaults_closet_pinwheel_4, minmay_crypt_entry_simple_plaza,
          layout_vaults_maze, uniq_frederick
Vaults:4: nicolae_vaults_tetromino_L_1, nicolae_vaults_network_periphery,
          nicolae_vaults_asterisk, v_misc_11, nicolae_vaults_closet_pinwheel_6,
          ontoclasm_vaults_ring_square, nicolae_vaults_octothorpe,
          nicolae_vaults_border_crossing, nicolae_vaults_corridor_and_loot_room,
          layout_vaults_omnigrid
Vaults:5: serial_shops, uniq_jory
Crypt:1:  layout_regular_city, basic_altar, grunt_megastairs_3, uniq_saint_roka
Depths:1: layout_gridlike, hangedman_tar_grid_catacomb,
          grunt_dithmenos_smoke_and_mirrors, firewood_loft,
          kennysheep_random_hallway
Depths:2: hangedman_cross_cluster, layout_cave_pools, hellmouth_1,
          nicolae_abyss_entry_one_way_or_another, grunt_pan_entry_sceptre,
          hangedman_abyss_or_decor_slice, uniq_josephina
Depths:3: evilmike_lava_path, layout_small_grid, enter_ziggurat_a, serial_glass,
          glass_columns_a, glass_columns_a, serial_shops,
          nicolae_shop_hallway_plus, abyss_entry_crystal,
          nicolae_hell_entry_big_baal_hell, rand_demon_pan_entry_1, uniq_sojobo,
          uniq_xtahua
Depths:4: evilmike_zot_entry_gauntlet, layout_honeycomb,
          hangedman_abyss_or_decor_stagger, hell_entry
Zot:1:    layout_twisted_circle, hangedman_zot_decor_tridents,
          serial_nicolae_subway, nicolae_sub_station_metal,
          nicolae_sub_station_stone, nicolae_sub_station_crystal
Zot:2:    layout_cathedral_of_symmetry
Zot:3:    layout_basic, regret_index_zotdec_zees
Zot:4:    grunt_zot_stairs_faceoff, layout_basic, regret_index_zotdec_bone_old,
          zot_minivault_1
Zot:5:    layout_onion, lemuel_lake_of_fire

Skill      XL: |  1  2  3  4  5  6  7  8  9 10 11 12 13 14 15 16 17 18 19 20 21 22 23 24 25 |
---------------+----------------------------------------------------------------------------+-----
Maces & Flails | 2 3 4 6 7 8 9 11 13 16 18 | 18.0
Fighting       | 3 5 6 9 10 12 13 14 15 16 17 18 19 21 | 21.6
Armour         | 5 8 9 11 12 14 18 19 20 21 22 24 25 26 27 | 27.0
Shields        | 4 5 6 7 8 11 12 13 15 16 18 19 20 | 20.0
Invocations    | 1 4 7 12 13 15 16 19 20 | 20.0
Stealth        | 4 7 14 15 | 15.3
Evocations     | 1 6 8 |  8.0
Polearms       | 5 10 12 | 12.0

Action                     |  1- 3 |  4- 6 |  7- 9 | 10-12 | 13-15 | 16-18 | 19-21 | 22-24 | 25-27 || total
---------------------------+-------+-------+-------+-------+-------+-------+-------+-------+-------++-------
  Melee: Flail             |   145 |   206 |   145 |       |       |       |       |       |       ||   496
         Tailslap          |    16 |    26 |    35 |    60 |   179 |   251 |   498 |   537 |    81 ||  1683
         Morningstar       |       |       |    46 |   472 |   898 |  1184 |   787 |       |       ||  3387
         Sacred scourge    |       |       |       |       |       |       |   617 |  1080 |   108 ||  1805
         Lance             |       |       |       |       |       |       |   401 |  1177 |   205 ||  1783
         Unarmed           |       |       |       |       |       |       |     2 |       |       ||     2
         Headbutt          |       |       |       |       |       |       |       |   161 |       ||   161
         Kick              |       |       |       |       |       |       |       |    15 |       ||    15
 Invoke: Divine Shield     |       |       |     1 |     3 |     5 |     5 |     7 |     4 |     2 ||    27
         Cleansing Flame   |       |       |       |       |       |    11 |     5 |     7 |       ||    23
         Summon Divine War |       |       |       |       |       |     2 |     2 |     5 |     1 ||    10
         Brand Weapon With |       |       |       |       |       |       |     1 |       |       ||     1
  Evoke: Wand              |       |       |       |     6 |     1 |       |       |       |     2 ||     9
         Phantom mirror    |       |       |       |       |       |     1 |       |     1 |       ||     2
         Lightning rod     |       |       |       |       |       |     2 |       |     1 |       ||     3
         Phial of floods   |       |       |       |       |       |       |     1 |       |       ||     1
         Sack of spiders   |       |       |       |       |       |       |       |       |     1 ||     1
    Use: Scroll            |       |       |    13 |    11 |     8 |     2 |    13 |    13 |       ||    60
         Potion            |       |       |     3 |     4 |     4 |    14 |     8 |     7 |     5 ||    45
 Armour: Scale mail        |   127 |   198 |    17 |       |   124 |       |       |       |       ||   466
         Chain mail        |       |       |   177 |   571 |   212 |       |       |       |       ||   960
         Fire dragon scale |       |       |       |       |    20 |       |       |       |       ||    20
         Crystal plate arm |       |       |       |       |   271 |  1721 |  1617 |  1314 |   181 ||  5104
         Skin              |       |       |       |       |       |       |     2 |       |       ||     2
  Dodge: Dodged            |    67 |    65 |    56 |   141 |   137 |   192 |   155 |   249 |    24 ||  1086
  Block: Buckler           |    29 |    40 |    54 |    72 |       |       |       |       |       ||   195
         Kite shield       |       |       |       |   174 |   751 |  1128 |  1141 |   929 |   135 ||  4258
         Reflection        |       |       |       |       |    14 |    84 |    63 |    41 |     3 ||   205
         Other             |       |       |       |       |       |       |     3 |       |       ||     3

Table legend: (Time is in decaauts)
 A = Elapsed time spent in this place.
 B = Non-inter-level travel time spent in this place.
 C = Inter-level travel time spent in this place.
 D = Time resting spent in this place.
 E = Time spent auto-exploring this place.
 F = Levels seen in this place.
 G = Mean time per level.
                   A        B        C        D        E       F      G
               +--------+--------+--------+--------+--------+-----+--------+
         Total |  68114 |  60660 |   7454 |  11549 |  33218 |  62 | 1098.6 |
       Dungeon |  19361 |  17023 |   2338 |   2173 |  11459 |  15 | 1290.7 |
        Temple |      1 |      1 |      0 |      0 |      0 |   1 |    1.0 |
          Lair |   6334 |   5690 |    644 |   1329 |   2971 |   5 | 1266.8 |
         Swamp |   4458 |   4298 |    160 |   1715 |   1665 |   4 | 1114.5 |
     Snake Pit |   5104 |   4767 |    337 |    521 |   2983 |   4 | 1276.0 |
    Slime Pits |    955 |    905 |     50 |    198 |    480 |   3 |  318.3 |
  Orcish Mines |   2037 |   1640 |    397 |    400 |    746 |   2 | 1018.5 |
   Elven Halls |   3253 |   3098 |    155 |    265 |   1893 |   3 | 1084.3 |
        Vaults |   7761 |   6914 |    847 |   1231 |   3581 |   5 | 1552.2 |
         Crypt |    734 |    713 |     21 |      0 |    516 |   1 |  734.0 |
        Depths |   7035 |   5568 |   1467 |   1139 |   2599 |   4 | 1758.8 |
           Zot |   7383 |   6349 |   1034 |   1648 |   3170 |   5 | 1476.6 |
         Abyss |    610 |    610 |      0 |     38 |      0 |   4 |  152.5 |
        Bazaar |     32 |     32 |      0 |      0 |     27 |   1 |   32.0 |
         Sewer |    182 |    182 |      0 |      0 |    133 |   1 |  182.0 |
        Bailey |   1219 |   1219 |      0 |    655 |    212 |   1 | 1219.0 |
      Ice Cave |    816 |    816 |      0 |     11 |    468 |   1 |  816.0 |
       Volcano |    422 |    422 |      0 |    224 |     49 |   1 |  422.0 |
      Gauntlet |    408 |    408 |      0 |      0 |    266 |   1 |  408.0 |
               +--------+--------+--------+--------+--------+-----+--------+

Top non-repeatable levels by time:
   Zot:4: 3302 daAuts
Vaults:4: 2262 daAuts
Vaults:3: 2152 daAuts
Depths:1: 2052 daAuts
Depths:2: 1996 daAuts
  Lair:5: 1978 daAuts
    D:15: 1813 daAuts
    D:14: 1792 daAuts
Vaults:1: 1761 daAuts
Depths:4: 1611 daAuts
Vaults:2: 1579 daAuts
 Snake:2: 1527 daAuts
   Orc:2: 1488 daAuts
 Swamp:1: 1486 daAuts
 Snake:3: 1468 daAuts
